 Dungeon Crawl Stone Soup version 0.31-a0-188-g5e087ee2ca (webtiles) character file.

Game seed: 7934476699066836151

70 qw the Shooter (level 4, -6/25 HPs)
             Began as a Deep Elf Hunter on June 22, 2023.
             Was an Initiate of Okawaru.
             Mangled by an orc
             ... wielding a +0 falchion
              (7 damage)
             ... on level 3 of the Dungeon.
             The game lasted 00:00:27 (1384 turns).

qw the Shooter (Deep Elf Hunter)                    Turns: 1384, Time: 00:00:28

Health: -6/25      AC:  6    Str: 10    XL:     4   Next: 4%
Magic:  6/6        EV: 11    Int: 14    God:    Okawaru [......]
Gold:   103        SH:  0    Dex: 18    Spells: 3/3 levels left

rFire   . . .        Y - +0 shortbow
rCold   . . .        (shield currently unavailable)
rNeg    . . .        g - +0 ring mail
rPois   .            (no helmet)
rElec   .            (no cloak)
rCorr   .            f - +0 pair of gloves
SInv    .            (no boots)
Will    .....        (no amulet)
Stlth   +            (no ring)
HPRegen 0.24/turn    (no ring)
MPRegen 0.10/turn

%: no passive effects
@: no status effects
A: no striking features
a: Renounce Religion


You were on level 3 of the Dungeon.
You worshipped Okawaru.
Okawaru was noncommittal.
You visited 1 branch of the dungeon, and saw 3 of its levels.

You collected 103 gold pieces.


   Skills:
 - Level 1.5 Fighting
 + Level 7.4 Ranged Weapons
 - Level 2.4 Dodging
 - Level 1.2 Stealth


You had 3 spell levels left.
You didn't know any spells.
Your spell library was empty.

Inventory:

Hand Weapons
 Y - a +0 shortbow (weapon)
Armour
 f - a +0 pair of gloves (worn)
 g - a +0 ring mail (worn)
Scrolls
 a - a scroll of identify
Potions
 b - a potion of cancellation {unknown}
 c - a potion of lignification {unknown}
 d - 2 potions of curing
 e - a potion of degeneration {unknown}

Dungeon Overview and Level Annotations

Branches:
Dungeon (3/15)

Altars:
Okawaru


Message History

An orc priest comes into view. It is wielding a +0 short sword.
The orc priest shouts!
You shoot an arrow. The arrow hits the orc priest.
The orc priest is lightly wounded.
An orc comes into view. It is wielding a +0 dagger.
You shoot an arrow. The arrow hits the orc priest!
The orc priest is severely wounded.
An orc comes into view. It is wielding a +0 falchion.
You shoot an arrow. The orc shouts!
The arrow hits the orc priest.
The orc priest is severely wounded.
An orc comes into view. It is wielding a +0 falchion.
You shoot an arrow. The arrow hits the orc priest.
The orc priest is almost dead.
The orc priest looks satisfied for a moment.
You shoot an arrow. The arrow barely misses the orc priest.
The orc priest mumbles some strange prayers to Beogh against you.
Pain shoots through your body!
The orc priest looks satisfied for a moment.
You shoot an arrow. The arrow barely misses the orc priest.
The orc priest invokes the aid of Beogh against you.
Beogh smites you!
Ouch! That really hurt!
You shoot an arrow. The arrow hits the orc!
You kill the orc!
Okawaru accepts your kill.
You shoot an arrow.
The arrow hits the orc priest but does no damage.
The orc priest is almost dead.
The orc priest looks satisfied for a moment.
You shoot an arrow.
The arrow hits the orc priest but does no damage.
The orc priest is almost dead.
You shoot an arrow.
The arrow hits the orc priest but does no damage.
The orc priest is almost dead.
The orc priest mumbles some strange prayers to Beogh against you.
Beogh smites you! The orc hits you with a +0 falchion!
You die...

#.%......#
#........#
#####..<####
##########.....###
...........#.###
.........###.#
#.......## #.#
#.....%.####.#
#......@..##.#
#.....oo#.##.#
#....)..#.....
#...o...# ....
#..#.#### #....
..##. .... .. ..
... .#


You could see an orc priest and 2 orcs.

Vanquished Creatures
  3 adders (D:2)
  2 dart slugs (D:1)
  An orc (D:3)
  4 endoplasms
  3 giant cockroaches (D:2)
  3 goblins
  4 hobgoblins
  A quokka (D:1)
  5 ball pythons
  5 bats
  2 frilled lizards (D:2)
  2 kobolds
  A rat (D:3)
36 creatures vanquished.

Notes
Turn   | Place    | Note
-------+----------+-------------------------------------------
     0 | D:1      | qw the Deep Elf Hunter began the quest for the Orb.
     0 | D:1      | Reached XP level 1. HP: 12/12 MP: 3/3
     0 | D:1      | 0 ||| qw: Version: 0.3-a-9-g12657ce
     0 | D:1      | 0 ||| qw: Game counter: 2884
     0 | D:1      | 0 ||| qw: Always use a shield: true
     0 | D:1      | 0 ||| qw: God list: Okawaru
     0 | D:1      | 0 ||| qw: Allow faded altars: false
     0 | D:1      | 0 ||| qw: Do Orc after D:15 true
     0 | D:1      | 0 ||| qw: Do second Lair branch before Depths: true
     0 | D:1      | 0 ||| qw: Lair rune preference: random
     0 | D:1      | 0 ||| qw: Plans: Normal
     0 | D:1      | 0 ||| PLANNING D:1-11
   208 | D:1      | Reached XP level 2. HP: 16/16 MP: 4/4
   211 | D:1      | Reached skill level 6 in Ranged Weapons
   548 | D:1      | 548 ||| UPGRADING to +0 pair of gloves.
   553 | D:1      | 553 ||| UPGRADING to +0 ring mail.
   563 | D:1      | 563 ||| DROPPING +0 leather armour.
   564 | D:1      | 564 ||| READING 2 scrolls labelled EHEKLU GENKA.
   565 | D:1      | 565 ||| DRINKING 2 pink potions.
   566 | D:1      | 566 ||| DROPPING scroll of butterflies.
   637 | D:2      | Reached XP level 3. HP: 6/20 MP: 5/5
   637 | D:2      | HP: 5/20 [poisoned by an adder]
   773 | D:2      | Found an iron altar of Okawaru.
   774 | D:2      | 774 ||| PLANNING OKAWARU WORSHIP
   774 | D:2      | 774 ||| READING scroll labelled NEQ MUNGESERPH.
   775 | D:2      | 775 ||| READING scroll labelled GEUCEEHAG.
   881 | D:2      | Became a worshipper of Warmaster Okawaru
   882 | D:2      | 882 ||| PLANNING D:1-11
   960 | D:2      | Reached skill level 7 in Ranged Weapons
  1204 | D:2      | Found a faded altar of an unknown god.
  1327 | D:2      | 1327 ||| READING 2 scrolls labelled DAGIW DAJAIN.
  1328 | D:2      | 1328 ||| DROPPING scroll of blinking.
  1369 | D:3      | Reached XP level 4. HP: 25/25 MP: 6/6
  1384 | D:3      | HP: 1/25 [orc priest/divine providence (10)]
  1384 | D:3      | Mangled by an orc

Levels and vault maps discovered:
D:1:      saegor_arrival_simple_e, layout_loops_cross
D:2:      layout_loops_ring, ebering_ecumenical_altar_hall, basic_altar
D:3:      layout_rooms, mainiacjoe_overflow_concentric_impassable,
          nicolae_qazlal_style_of_elements, mainiacjoe_overflow_large_starburst,
          nicolae_hepliaklqana_hazy_memory

Skill      XL: |  1  2  3 |
---------------+----------+-----
Ranged Weapons | 6 7 |  7.4
Fighting       | |  1.5
Dodging        | |  2.4
Stealth        | |  1.2

Action                     |  1- 3 |  4- 6 || total
---------------------------+-------+-------++-------
   Fire: Shortbow          |    92 |    10 ||   102
    Use: Scroll            |     4 |       ||     4
         Potion            |     1 |       ||     1
 Armour: Leather armour    |     5 |       ||     5
         Ring mail         |    13 |       ||    13
  Dodge: Dodged            |    22 |       ||    22

Table legend:
 A = Non-vault XP
 B = Vault XP
 C = Vault XP percentage of total XP
 D = Non-vault monster count
 E = Vault monster count
 F = Vault count percentage of total count
                 A         B        C        D         E       F
            +---------+---------+-------+---------+---------+-------
      Total |     101 |       0 |   0.0 |      36 |       0 |   0.0
            +---------+---------+-------+---------+---------+-------
        D:1 |      31 |       0 |   0.0 |      17 |       0 |   0.0
        D:2 |      60 |       0 |   0.0 |      14 |       0 |   0.0
        D:3 |      10 |       0 |   0.0 |       5 |       0 |   0.0
            +---------+---------+-------+---------+---------+-------
